 Dungeon Crawl Stone Soup version 0.27.1 (webtiles) character file.

Game seed: 6424897124138974401

7179 pkoi the Grappler (level 10, -4/94 HPs)
             Began as a Troll Artificer on Aug 27, 2021.
             Was an Elder of Dithmenos.
             Slain by a freezing wraith (9 damage)
             ... on level 10 of the Dungeon.
             The game lasted 00:13:10 (8812 turns).

pkoi the Grappler (Troll Artificer)                 Turns: 8812, Time: 00:13:10

Health: -4/94      AC: 10    Str: 25    XL:     10   Next: 86%
Magic:  9/9        EV: 26    Int:  7    God:    Dithmenos [****..]
Gold:   1340       SH:  0    Dex: 10    Spells: 9/9 levels left

rFire    . . .     SeeInvis +     - Unarmed
rCold    . . .     Faith    .   (no shield)
rNeg     . . .     Spirit   .   b - +0 robe
rPois    .         Reflect  .   (helmet restricted)
rElec    .         Harm     .   u - +1 cloak
rCorr    .         Rampage  .   (gloves unavailable)
Will     .....                  (boots unavailable)
Stlth    +++.......             w - amulet of the acrobat
HPRegen  1.25/turn              q - +4 ring of protection
MPRegen  0.11/turn              A - ring of see invisible

@: acrobatic, slowed, wreathed by umbra, studying Unarmed Combat, very slow
A: large, unfitting armour, claws 3, regeneration 1, shaggy fur 1, tough skin 1
a: Renounce Religion, Shadow Step


You were on level 10 of the Dungeon.
You worshipped Dithmenos.
Dithmenos was greatly pleased with you.
You visited 1 branch of the dungeon, and saw 10 of its levels.
You also visited: Sewer, Ossuary and Bailey.

You collected 1340 gold pieces.

Inventory:

Hand Weapons
 i - a +3 dagger of venom
Missiles
 n - 14 curare-tipped darts
Armour
 b - a +0 robe (worn)
 u - a +1 cloak (worn)
Jewellery
 q - a +4 ring of protection (left claw)
 w - an amulet of the acrobat (around neck)
 z - a ring of flight
 A - a ring of see invisible (right claw)
Wands
 c - a wand of flame (34) (quivered)
 d - a wand of charming (14)
 s - a wand of iceblast (7)
 B - a wand of paralysis (8)
 C - a wand of digging (3)
 F - a wand of acid (8)
 H - a wand of mindburst (14)
Scrolls
 a - 2 scrolls of enchant armour
 j - a scroll of vulnerability
 k - a scroll of amnesia
 l - 2 scrolls of blinking
 y - a scroll of enchant weapon
 E - a scroll of holy word
Potions
 f - 8 potions of haste
 g - 2 potions of resistance
 h - a potion of ambrosia
 m - 10 potions of curing {unknown}
 o - 2 potions of cancellation
 p - 2 potions of heal wounds {unknown}
 r - 2 potions of attraction
 t - 6 potions of flight
 v - a potion of invisibility
 x - a potion of magic
 D - 2 potions of lignification
 G - a potion of brilliance {unknown}
Miscellaneous
 e - a piece from Xom's chessboard (15/15)


   Skills:
 + Level 4.7 Fighting
 + Level 5.1 Dodging
 + Level 3.6 Stealth
 * Level 14.0 Unarmed Combat
 + Level 4.9 Evocations


You had 9 spell levels left.
You didn't know any spells.
Your spell library contained the following spells:

 Spells                   Type           Power      Damage    Failure   Level
 Blink                    Tloc           N/A        N/A       56%         2
 Slow                     Hex            0%         N/A       56%         2
 Confusing Touch          Hex            0%         N/A       80%         3
 Gell's Gravitas          Tloc           0%         N/A       80%         3
 Lesser Beckoning         Tloc           0%         N/A       80%         3
 Teleport Other           Tloc           0%         N/A       80%         3
 Vampiric Draining        Necr           0%         2d6       80%         3
 Olgreb's Toxic Radiance  Pois           0%         N/A       99%         4
 Manifold Assault         Tloc           0%         N/A       100%        5
 Dispersal                Tloc           0%         N/A       100%        6
 Ozocubu's Refrigeration  Ice            0%         4d5       100%        7
 Ignition                 Fire           0%         3d3       100%        8


Dungeon Overview and Level Annotations

Branches:
Dungeon (10/15)            Temple (0/1) D:7           Sewer (visited)
Ossuary (visited)          Bailey (visited)
   Lair: D:8-11         Orc: D:9-12

Altars:
Ashenzari
Dithmenos
Gozag
Trog
Zin
The Shining One

Annotations:
D:9 1 runed translucent door, JuniperTheExplorer's ghost, novice TrTm


Innate Abilities, Weirdness & Mutations

You are too large for most types of armour.
You have claws for hands.
Your natural rate of healing is unusually fast.
You are covered in fur. (AC +1)
You have tough skin. (AC +1)


Message History

There is a stone staircase leading up here.
You're wearing all the rings you can.
Remove which one? (? for menu, Esc to cancel) < or
q - a +4 ring of protection; > or
z - a ring of flight You remove your ring of flight.
You float gracefully downwards.
A - a ring of see invisible (right claw) Unknown command.
Unknown command.
The freezing wraith closely misses you.
The freezing wraith completely misses you.
You claw the freezing wraith!
The freezing wraith is moderately damaged.
The freezing wraith completely misses you.
The freezing wraith misses you.
The freezing wraith completely misses you. x2
You scratch the freezing wraith but do no damage.
The freezing wraith is moderately damaged.
Your shadow hits the freezing wraith but does no damage.
The freezing wraith hits you! The freezing wraith freezes you!
The freezing wraith hits you! The freezing wraith drains your vigour!
You feel yourself slow down.
You claw the freezing wraith!
The freezing wraith is heavily damaged.
The freezing wraith hits you. The freezing wraith freezes you!
* * * LOW HITPOINT WARNING * * *
The freezing wraith hits you but does no damage.
You scratch the freezing wraith but do no damage.
The freezing wraith is heavily damaged.
Your shadow hits the freezing wraith. The freezing wraith hits you.
* * * LOW HITPOINT WARNING * * *
The freezing wraith freezes you!!
* * * LOW HITPOINT WARNING * * *
The freezing wraith hits you.
* * * LOW HITPOINT WARNING * * *
The freezing wraith drains your vigour!
You feel as though you will be slow longer.
The freezing wraith hits you!
* * * LOW HITPOINT WARNING * * *
The freezing wraith freezes you!
You die...

.## ############ ...
####..........######### ..
............)>.........
.####.######.....####.#########
...............#.# #.#
.####.##.##..#@#.# #.# #
#.#<...W#)# #.# #.###..##)# #.#
#.......(.# #.#
######.###...... #.# ...... #..
...... ...# ...... .... ......


You could see a freezing wraith.

Vanquished Creatures
  A two-headed ogre (D:10)
  Maurice (D:9)
  Joseph (D:9)
  A wyvern (D:8)
  A wraith (Ossuary)
  9 yaks
  A vampire mosquito (D:9)
  2 water moccasins
  3 orc warriors
  2 ice beasts (D:8)
  A necrophage (D:8)
  2 ogres
  6 centaurs
  A phantom (D:7)
  3 kobold brigands
  An elf zombie (Ossuary)
  2 bullfrogs (D:8)
  2 scorpions
  17 killer bees
  4 centaur zombies
  3 orc priests
  2 jellies
  2 bullfrog skeletons (D:7)
  2 gnoll shamans
  An iguana (D:4)
  6 orc wizards
  4 mummies
  8 gnolls
  11 adders
  3 river rats (D:3)
  2 shadow imps
  A white imp (D:7)
  3 ufetubi
  9 worms
  38 orcs
  6 ball pythons
  12 bats
  10 endoplasms
  5 giant cockroaches
  11 goblins
  3 hobgoblins
  4 jackals (Sewer)
  6 quokkas
  3 frilled lizards
  3 goblin zombies (Ossuary)
  2 hobgoblin zombies (Ossuary)
  18 kobolds
  2 kobold zombies (Ossuary)
  10 rats
251 creatures vanquished.

Vanquished Creatures (collateral kills)
  2 orc warriors (Bailey)
2 creatures vanquished.

Vanquished Creatures (others)
  2 withered plants (D:9)
2 creatures vanquished.

Grand Total: 255 creatures vanquished

Notes
Turn   | Place    | Note
-------+----------+-------------------------------------------
     0 | D:1      | pkoi the Troll Artificer began the quest for the Orb.
     0 | D:1      | Reached XP level 1. HP: 18/18 MP: 0/0
   116 | D:1      | Reached skill level 1 in Unarmed Combat
   120 | D:1      | Reached XP level 2. HP: 20/26 MP: 1/1
   646 | D:1      | Reached skill level 2 in Unarmed Combat
   860 | D:2      | Reached XP level 3. HP: 31/32 MP: 2/2
  1158 | D:2      | Found a shadowy altar of Dithmenos.
  1184 | D:2      | Became a worshipper of Dithmenos the Shadowed
  1283 | D:2      | Reached skill level 3 in Unarmed Combat
  1463 | D:3      | Found a bloodstained altar of Trog.
  1544 | D:3      | Reached XP level 4. HP: 39/40 MP: 3/3
  1637 | D:3      | Noticed an ogre
  1654 | D:3      | Killed an ogre
  1655 | D:3      | Reached skill level 4 in Unarmed Combat
  1655 | D:3      | Reached XP level 5. HP: 44/46 MP: 4/4
  1719 | D:3      | Found a faded altar of an unknown god.
  1838 | D:3      | Reached skill level 5 in Unarmed Combat
  1861 | D:3      | Reached * piety under Dithmenos
  1961 | D:3      | Found a glowing drain.
  1968 | Sewer    | Entered a sewer
  2264 | Sewer    | Reached XP level 6. HP: 54/54 MP: 5/5
  2465 | D:3      | Reached skill level 6 in Unarmed Combat
  2714 | D:4      | Found a broken altar of Ashenzari.
  2841 | D:4      | Identified a scroll of acquirement
  2841 | D:4      | Acquired a +4 ring of protection
  2878 | D:4      | Reached ** piety under Dithmenos
  3134 | D:4      | Acquired 773 gold pieces
  3154 | D:5      | Entered Level 5 of the Dungeon
  3244 | D:5      | Reached skill level 7 in Unarmed Combat
  3244 | D:5      | Reached XP level 7. HP: 39/61 MP: 6/6
  3598 | D:5      | Found an opulent altar of Gozag.
  3598 | D:5      | Found a glowing silver altar of Zin.
  3961 | D:6      | Found a sand-covered staircase.
  3970 | D:6      | Reached skill level 8 in Unarmed Combat
  3974 | Ossuary  | Entered an ossuary
  3974 | Ossuary  | Noticed a wraith
  3974 | Ossuary  | Noticed a wraith
  3974 | Ossuary  | Noticed a wraith
  4184 | Ossuary  | Noticed a wraith
  4193 | Ossuary  | Killed a wraith
  4324 | Ossuary  | Reached skill level 9 in Unarmed Combat
  4503 | D:6      | Acquired a manual of Unarmed Combat
  4536 | D:6      | Reached XP level 8. HP: 68/68 MP: 7/7
  4650 | D:6      | Reached skill level 1 in Fighting
  5207 | D:6      | Reached skill level 1 in Stealth
  5225 | D:7      | Found a staircase to the Ecumenical Temple.
  5286 | D:7      | Reached *** piety under Dithmenos
  5386 | D:7      | Reached skill level 10 in Unarmed Combat
  5465 | D:7      | Found a flagged portal.
  5507 | Bailey   | Entered a bailey
  5598 | Bailey   | Noticed an orc knight
  5792 | Bailey   | HP: 3/72 [orc warrior (28)]
  5997 | Bailey   | Noticed an orc knight
  6190 | D:7      | Reached XP level 9. HP: 80/80 MP: 8/8
  6553 | D:8      | Reached skill level 11 in Unarmed Combat
  6571 | D:8      | Reached **** piety under Dithmenos
  7035 | D:8      | Reached skill level 12 in Unarmed Combat
  7316 | D:8      | Reached XP level 10. HP: 40/92 MP: 9/9
  7784 | D:9      | Noticed Joseph
  7790 | D:9      | Killed Joseph
  7838 | D:9      | Reached skill level 13 in Unarmed Combat
  7861 | D:9      | Found a runed translucent door.
  7861 | D:9      | Noticed JuniperTheExplorer's ghost (novice TrTm)
  7872 | D:9      | Found a shadowy altar of Dithmenos.
  7883 | D:9      | Noticed Maurice
  7894 | D:9      | Killed Maurice
  8347 | D:9      | Identified the +8 war axe of Vounit {elec, rN+ Dex+4}
  8582 | D:9      | Found a glowing golden altar of the Shining One.
  8677 | D:10     | Entered Level 10 of the Dungeon
  8728 | D:10     | Noticed a two-headed ogre
  8745 | D:10     | Reached skill level 5 in Dodging
  8750 | D:10     | Killed a two-headed ogre
  8751 | D:10     | Reached skill level 14 in Unarmed Combat
  8812 | D:10     | Slain by a freezing wraith

Illustrated notes

Levels and vault maps discovered:
D:1:      lightli_arrival_isolated_outpost, layout_basic, serial_bayou_pond_b
D:2:      layout_loops_ring, basic_altar, minmay_puff
D:3:      layout_basic, overflow_temple_1_default,
          shapermc_ecumenical_altar_notcrosses, lightli_sewer_entry_pipes,
          minmay_fractal_squares_5
D:4:      layout_basic, mainiacjoe_overflow_alcove_2,
          ebering_dispersal_statue_hall
D:5:      layout_gridville, grunt_temple_overflow_gold_and_silver
D:6:      layout_basic, gup_ossuary_entry_pyramid
D:7:      layout_gridville, minmay_temple_entry_glass, enter_bailey_5
D:8:      layout_loops_corners
D:9:      layout_loops_corners, nicolae_overflow_hidden_temple,
          marbit_many_paths, gammafunk_ghost_grave, uniq_maurice, uniq_joseph
D:10:     layout_basic, serial_shops, nicolae_shop_statue_plus, minmay_bent,
          uniq_maggie

Skill      XL: |  1  2  3  4  5  6  7  8  9 10 |
---------------+-------------------------------+-----
Dodging        | 2 3 4 5 |  5.1
Unarmed Combat | 1 2 3 4 5 7 9 10 12 14 | 14.0
Fighting       | 2 3 4 |  4.7
Stealth        | 1 2 3 |  3.6
Evocations     | 3 4 |  4.9

Action                   |  1- 3 |  4- 6 |  7- 9 | 10-12 || total
-------------------------+-------+-------+-------+-------++-------
Melee: Unarmed           |    45 |   192 |   360 |   112 ||   709
       Dagger            |    81 |       |       |       ||    81
       Punch             |       |       |    13 |     8 ||    21
Evoke: Wand              |       |       |     1 |     7 ||     8
  Use: Potion            |       |     1 |       |       ||     1
       Scroll            |       |     9 |    13 |       ||    22
 Stab: Sleeping          |     1 |       |     5 |     2 ||     8
       Paralysed         |       |       |       |     4 ||     4
Armor: Robe              |    43 |    67 |   159 |    45 ||   314
Dodge: Dodged            |    60 |   134 |   275 |    74 ||   543
